3AAA
SYLVANIA MAPLE LEAVES @ BALBOA BUCCANEERS
08/21/2017
 
TOP OF THE 1ST
Sylvania Maple Leaves batting - Pitching for Balboa Buccaneers : RHP Paul Abbott
Pitching: RHP Paul Abbott
Batting: RHB Kenny Norton 0-0: Ball
1-0: Foul Ball, location: 2F
1-1: Ball
2-1: Foul Ball, location: 2F
2-2: Ball
3-2: SINGLE (Groundball, 4MD) (infield hit)
Batting: RHB Bernardo Márquez 0-0: Ball
1-0: Foul Ball, location: 2F
1-1: Ball
2-1: Fly out, F9 (Flyball, 9LS)
Batting: RHB Harris Harden 0-0: Foul Ball, location: 2F
0-1: Ball
1-1: Grounds into double play, 5-4-3 (Groundball, 5L)
Top of the 1st over - 0 run(s), 1 hit(s), 0 error(s), 0 left on base; Sylvania 0 - Balboa 0
BOTTOM OF THE 1ST
Balboa Buccaneers batting - Pitching for Sylvania Maple Leaves : RHP José Ramírez
Pitching: RHP José Ramírez
Batting: RHB William Hull 0-0: Foul Ball, location: 2F
0-1: Ground out 4-3 (Groundball, 4)
Batting: RHB Thomas Morris 0-0: Ball
1-0: Foul Ball, location: 2F
1-1: Fly out, F7 (Flyball, 7D)
Batting: RHB Tom Tracy 0-0: Foul Ball, location: 2F
0-1: Swinging Strike
0-2: Ground out 5-3 (Groundball, 5)
Bottom of the 1st over - 0 run(s), 0 hit(s), 0 error(s), 0 left on base; Sylvania 0 - Balboa 0
TOP OF THE 2ND
Sylvania Maple Leaves batting - Pitching for Balboa Buccaneers : RHP Paul Abbott
Batting: LHB Iván Gonzáles 0-0: Ball
1-0: Fly out, F7 (Flyball, 7LM)
Batting: LHB Daniel Ruíz 0-0: Ball
1-0: Foul Ball, location: 2F
1-1: Ball
2-1: Foul Ball, location: 2F
2-2: Foul Ball, location: 2F
2-2: Strikes out swinging
Batting: RHB Yao-qing Ya 0-0: Called Strike
0-1: Swinging Strike
0-2: Ball
1-2: Strikes out swinging
Top of the 2nd over - 0 run(s), 0 hit(s), 0 error(s), 0 left on base; Sylvania 0 - Balboa 0
BOTTOM OF THE 2ND
Balboa Buccaneers batting - Pitching for Sylvania Maple Leaves : RHP José Ramírez
Batting: LHB Bellchyor Lebrim 0-0: Ball
1-0: Fly out, F6 (Popup, 15)
Batting: RHB César Garza 0-0: Called Strike
0-1: Called Strike
0-2: Strikes out swinging
Batting: RHB Louie McNeil 0-0: Called Strike
0-1: Ball
1-1: Foul Ball, location: 2F
1-2: Ball
2-2: Strikes out swinging
Bottom of the 2nd over - 0 run(s), 0 hit(s), 0 error(s), 0 left on base; Sylvania 0 - Balboa 0
TOP OF THE 3RD
Sylvania Maple Leaves batting - Pitching for Balboa Buccaneers : RHP Paul Abbott
Batting: RHB José Valdéz 0-0: Ball
1-0: Ball
2-0: Ground out 5-3 (Groundball, 56S)
Batting: LHB Chris Randolph 0-0: Fly out, F7 (Line Drive, 7S)
Batting: RHB Trevor Gardner 0-0: Ground out 4-3 (Groundball, 4S)
Top of the 3rd over - 0 run(s), 0 hit(s), 0 error(s), 0 left on base; Sylvania 0 - Balboa 0
BOTTOM OF THE 3RD
Balboa Buccaneers batting - Pitching for Sylvania Maple Leaves : RHP José Ramírez
Batting: LHB Dudley Duncan 0-0: Ball
1-0: Ball
2-0: Foul Ball, location: 2F
2-1: Ball
3-1: Base on Balls
Batting: RHB Aaron Holder 0-0: Called Strike
0-1: Foul Ball, location: 2F
0-2: Ball
1-2: Foul Ball, location: 2F
1-2: Ball
2-2: Ball
3-2: Strikes out looking
Batting: RHB Matt Nelson 0-0: Ball
1-0: Foul Ball, location: 2F
1-1: Called Strike
1-2: Foul Ball, location: 2F
1-2: Foul Ball, location: 2F
1-2: Ball
2-2: Foul Ball, location: 2F
2-2: Ball
3-2: Strikes out swinging
Batting: RHB William Hull 0-0: Called Strike
0-1: Ball
1-1: Ball
2-1: Ball
3-1: Base on Balls
Dudley Duncan to second
Batting: RHB Thomas Morris 0-0: Ball
1-0: Ball
2-0: Swinging Strike
2-1: Foul Ball, location: 2F
2-2: Fielders Choice at 2nd, U6 (Groundball, 6M)
Bottom of the 3rd over - 0 run(s), 0 hit(s), 0 error(s), 2 left on base; Sylvania 0 - Balboa 0
TOP OF THE 4TH
Sylvania Maple Leaves batting - Pitching for Balboa Buccaneers : RHP Paul Abbott
Batting: RHB Kenny Norton 0-0: Ball
1-0: Ball
2-0: Fly out, F7 (Flyball, 78M)
Batting: RHB Bernardo Márquez 0-0: Ball
1-0: Ball
2-0: Ball
3-0: Base on Balls
Batting: RHB Harris Harden 0-0: 2-RUN HOME RUN (Flyball, 78XD), Distance : 430 ft
Batting: LHB Iván Gonzáles 0-0: Ball
1-0: Fly out, F7 (Flyball, 7M)
Batting: LHB Daniel Ruíz 0-0: Foul Ball, location: 2F
0-1: Ball
1-1: Ball
2-1: Ball
3-1: DOUBLE (Line Drive, 9LS)
Batting: RHB Yao-qing Ya 0-0: Called Strike
0-1: Ball
1-1: Ball
2-1: Ball
3-1: Base on Balls
Batting: RHB José Valdéz 0-0: Ball
1-0: Foul Ball, location: 2F
1-1: Fly out, F9 (Popup, 4D)
Top of the 4th over - 2 run(s), 2 hit(s), 0 error(s), 2 left on base; Sylvania 2 - Balboa 0
BOTTOM OF THE 4TH
Balboa Buccaneers batting - Pitching for Sylvania Maple Leaves : RHP José Ramírez
Batting: RHB Tom Tracy 0-0: Called Strike
0-1: Ball
1-1: Foul Ball, location: 2F
1-2: Ball
2-2: Foul Ball, location: 2F
2-2: Ground out 4-3 (Groundball, 34D)
Batting: LHB Bellchyor Lebrim 0-0: Called Strike
0-1: Called Strike
0-2: Foul Ball, location: 2F
0-2: Ball
1-2: Foul Ball, location: 2F
1-2: Foul Ball, location: 2F
1-2: Foul Ball, location: 2F
1-2: Strikes out swinging
Batting: RHB César Garza 0-0: Ground out 3-1 (Groundball, 34S)
Bottom of the 4th over - 0 run(s), 0 hit(s), 0 error(s), 0 left on base; Sylvania 2 - Balboa 0
TOP OF THE 5TH
Sylvania Maple Leaves batting - Pitching for Balboa Buccaneers : RHP Paul Abbott
Batting: LHB Chris Randolph 0-0: Called Strike
0-1: Ball
1-1: Ground out U3 (Groundball, 3L)
Batting: RHB Trevor Gardner 0-0: Swinging Strike
0-1: Ball
1-1: Ball
2-1: Ball
3-1: Foul Ball, location: 2F
3-2: SINGLE (Groundball, 5L)
Batting: RHB Kenny Norton 0-0: Called Strike
0-1: Foul Ball, location: 2F
0-2: SINGLE (Flyball, 78S)
Trevor Gardner to second
Batting: RHB Bernardo Márquez 0-0: Called Strike
0-1: Fly out, F9 (Flyball, 9LM)
Batting: RHB Harris Harden 0-0: Ball
1-0: Called Strike
1-1: Called Strike
1-2: Ball
2-2: Ball
3-2: Base on Balls
Trevor Gardner to third
Kenny Norton to second
Batting: LHB Iván Gonzáles 0-0: Fly out, F5 (Popup, 56S)
Top of the 5th over - 0 run(s), 2 hit(s), 0 error(s), 3 left on base; Sylvania 2 - Balboa 0
BOTTOM OF THE 5TH
Balboa Buccaneers batting - Pitching for Sylvania Maple Leaves : RHP José Ramírez
Batting: RHB Louie McNeil 0-0: Called Strike
0-1: Swinging Strike
0-2: Ball
1-2: Ball
2-2: Ball
3-2: Foul Ball, location: 2F
3-2: Foul Ball, location: 2F
3-2: Base on Balls
Batting: LHB Dudley Duncan 0-0: Foul Ball, location: 2F
0-1: Ball
1-1: Foul Ball, location: 2F
1-2: Ball
2-2: Strikes out swinging
Batting: RHB Aaron Holder 0-0: Called Strike
0-1: Foul Ball, location: 2F
0-2: Ball
1-2: Foul Ball, location: 2F
1-2: DOUBLE (Line Drive, 78M)
Louie McNeil to third
Batting: RHB Matt Nelson 0-0: Ball
1-0: Ball
2-0: Fly out, F1 (Flyball, 15)
Batting: RHB William Hull 0-0: SINGLE (Line Drive, 34D)
Louie McNeil scores
Aaron Holder to third
Batting: RHB Thomas Morris 0-0: Ball
1-0: Swinging Strike
1-1: Fly out, F7 (Flyball, 78M)
Bottom of the 5th over - 1 run(s), 2 hit(s), 0 error(s), 2 left on base; Sylvania 2 - Balboa 1
TOP OF THE 6TH
Sylvania Maple Leaves batting - Pitching for Balboa Buccaneers : RHP Paul Abbott
Batting: LHB Daniel Ruíz 0-0: Swinging Strike
0-1: SOLO HOME RUN (Flyball, 7LD), Distance : 365 ft
Batting: RHB Yao-qing Ya 0-0: Ball
1-0: Ball
2-0: Foul Ball, location: 2F
2-1: Ball
3-1: Called Strike
3-2: Base on Balls
Batting: RHB José Valdéz 0-0: Foul Ball, location: 2F
0-1: Swinging Strike
0-2: Ball
1-2: Ball
2-2: Fly out, F7 (Flyball, 7M)
Batting: LHB Chris Randolph 0-0: Ball
1-0: Called Strike
1-1: Grounds into double play, 4-6-3 (Groundball, 4)
Top of the 6th over - 1 run(s), 1 hit(s), 0 error(s), 0 left on base; Sylvania 3 - Balboa 1
BOTTOM OF THE 6TH
Balboa Buccaneers batting - Pitching for Sylvania Maple Leaves : RHP José Ramírez
Batting: RHB Tom Tracy 0-0: Ball
1-0: Swinging Strike
1-1: Foul Ball, location: 2F
1-2: Foul Ball, location: 2F
1-2: Foul Ball, location: 2F
1-2: Fly out, F9 (Flyball, 9LMF)
Batting: LHB Bellchyor Lebrim 0-0: SOLO HOME RUN (Flyball, 7D), Distance : 400 ft
Pitching: RHP Paul Nance
Batting: RHB César Garza 0-0: Called Strike
0-1: Ground out 4-3 (Groundball, 13)
Batting: RHB Louie McNeil 0-0: Foul Ball, location: 2F
0-1: Fly out, F7 (Flyball, 7M)
Bottom of the 6th over - 1 run(s), 1 hit(s), 0 error(s), 0 left on base; Sylvania 3 - Balboa 2
TOP OF THE 7TH
Sylvania Maple Leaves batting - Pitching for Balboa Buccaneers : RHP Paul Abbott
Batting: RHB Trevor Gardner 0-0: Called Strike
0-1: Swinging Strike
0-2: Ball
1-2: Ball
2-2: Ground out U3 (Groundball, 3L)
Batting: RHB Kenny Norton 0-0: Swinging Strike
0-1: Swinging Strike
0-2: Foul Ball, location: 2F
0-2: Ball
1-2: Foul Ball, location: 2F
1-2: Ball
2-2: SINGLE (Line Drive, 34)
Batting: RHB Bernardo Márquez 0-0: Swinging Strike
0-1: Grounds into double play, 4-6-3 (Groundball, 4)
Top of the 7th over - 0 run(s), 1 hit(s), 0 error(s), 0 left on base; Sylvania 3 - Balboa 2
BOTTOM OF THE 7TH
Balboa Buccaneers batting - Pitching for Sylvania Maple Leaves : RHP Paul Nance
Batting: LHB Dudley Duncan 0-0: Called Strike
0-1: Swinging Strike
0-2: Foul Ball, location: 2F
0-2: SOLO HOME RUN (Flyball, 9D), Distance : 385 ft
Pinch Hitting: SHB Theodore Buck 0-0: SINGLE (Line Drive, 7LS)
Batting: RHB Matt Nelson 0-0: Bunted foul
0-1: Bunted foul
0-2: Ball
1-2: Ball
2-2: Ball
3-2: Base on Balls
Theodore Buck to second
Batting: RHB William Hull 0-0: Ball
1-0: Ball
2-0: Called Strike
2-1: Foul Ball, location: 2F
2-2: Ball
3-2: Strikes out swinging
Batting: RHB Thomas Morris 0-0: Called Strike
0-1: DOUBLE (Line Drive, 7D)
Theodore Buck scores
Matt Nelson to third
Runner from 3rd tries for Home, SAFE, no throw or cutoff
Pitching: RHP Abel Blok
Batting: RHB Tom Tracy 0-0: Ball
Thomas Morris is caught stealing 3rd base
1-0: Called Strike
1-1: Fly out, F7 (Flyball, 7M)
Bottom of the 7th over - 3 run(s), 3 hit(s), 0 error(s), 0 left on base; Sylvania 3 - Balboa 5
TOP OF THE 8TH
Sylvania Maple Leaves batting - Pitching for Balboa Buccaneers : RHP Paul Abbott
Now at SS: Theodore Buck
Batting: RHB Harris Harden 0-0: Ball
1-0: Ball
2-0: Ball
3-0: Foul Ball, location: 2F
3-1: Foul Ball, location: 2F
3-2: Foul Ball, location: 2F
3-2: Ground out 5-3 (Groundball, 5S)
Batting: LHB Iván Gonzáles 0-0: Swinging Strike
0-1: Ball
1-1: Ball
2-1: Ground out 4-3 (Groundball, 4)
Batting: LHB Daniel Ruíz 0-0: Ball
1-0: Ball
2-0: Ball
3-0: Called Strike
3-1: Called Strike
3-2: DOUBLE (Groundball, 5L)
Pitching: LHP Albert García
Batting: RHB Yao-qing Ya 0-0: Called Strike
0-1: Ball
1-1: Ball
2-1: Foul Ball, location: 2F
2-2: Foul Ball, location: 2F
2-2: Foul Ball, location: 2F
2-2: 2-RUN HOME RUN (Line Drive, 78XD), Distance : 426 ft
Pinch Hitting: RHB Jim Unknown 0-0: Ball
1-0: Foul Ball, location: 2F
1-1: Called Strike
1-2: SINGLE (Line Drive, 89M)
Pinch Hitting: RHB Jim Unknown 0-0: Foul Ball, location: 2F
0-1: Swinging Strike
0-2: Ball
1-2: Ball
2-2: Foul Ball, location: 2F
2-2: Ball
3-2: DOUBLE (Popup, 9LS)
Jim Unknown to third
Jim Unknown scores
Pitching: RHP Christian Catron
Batting: RHB Trevor Gardner 0-0: Called Strike
0-1: Called Strike
0-2: Ball
1-2: Foul Ball, location: 2F
1-2: Foul Ball, location: 2F
1-2: Ball
2-2: Strikes out swinging
Top of the 8th over - 3 run(s), 4 hit(s), 0 error(s), 1 left on base; Sylvania 6 - Balboa 5
BOTTOM OF THE 8TH
Balboa Buccaneers batting - Pitching for Sylvania Maple Leaves : RHP Abel Blok
Pitching: LHP Jim Unknown
Now at 1B: Jim Unknown
Now in RF: Jim Unknown
Batting: LHB Bellchyor Lebrim 0-0: Fly out, F8 (Flyball, 8RM)
Batting: RHB César Garza 0-0: Ball
1-0: Swinging Strike
1-1: Ball
2-1: Ground out 6-3 (Groundball, 6)
Batting: RHB Louie McNeil 0-0: Called Strike
0-1: Ball
1-1: SINGLE (Line Drive, 34D)
Pinch Hitting: RHB Jeff Bass 0-0: Ball
1-0: Called Strike
1-1: Ball
2-1: Fly out, F8 (Line Drive, 8LM)
Bottom of the 8th over - 0 run(s), 1 hit(s), 0 error(s), 1 left on base; Sylvania 6 - Balboa 5
TOP OF THE 9TH
Sylvania Maple Leaves batting - Pitching for Balboa Buccaneers : RHP Christian Catron
Pitching: RHP Ed Day
Now at 2B: Jeff Bass
Batting: RHB Kenny Norton 0-0: Swinging Strike
0-1: Swinging Strike
0-2: Foul Ball, location: 2F
0-2: Ball
1-2: Ground out 5-3 (Groundball, 56)
Batting: RHB Bernardo Márquez 0-0: Fly out, F5 (Line Drive, 56S)
Batting: RHB Harris Harden 0-0: Called Strike
0-1: Ball
1-1: Ball
2-1: Ball
3-1: Ground out 5-3 (Groundball, 5S)
Top of the 9th over - 0 run(s), 0 hit(s), 0 error(s), 0 left on base; Sylvania 6 - Balboa 5
BOTTOM OF THE 9TH
Balboa Buccaneers batting - Pitching for Sylvania Maple Leaves : LHP Jim Unknown
Pitching: RHP Kenny DeBenham
Batting: SHB Theodore Buck 0-0: Called Strike
0-1: Foul Ball, location: 2F
0-2: Strikes out swinging
Batting: RHB Matt Nelson 0-0: Ball
1-0: Ball
2-0: Called Strike
2-1: Ball
3-1: Fly out, F7 (Flyball, 78M)
Batting: RHB William Hull 0-0: Ground out 5-3 (Groundball, 56)
Bottom of the 9th over - 0 run(s), 0 hit(s), 0 error(s), 0 left on base; Sylvania 6 - Balboa 5
This league is powered by Out of the Park Baseball, the baseball management simulation game for PC, Mac and Linux
Saturday, February 27th, 2021 - OOTP Baseball 15.6 Build 34